Map: 트라이튼 - 래더

Players

soO

  • Race: Zerg Zerg
  • Spawn Location: 5:00

Armani - Winner!

  • Race: Zerg Zerg
  • Spawn Location: 11:00

Event: IEM Katowice 2020

VOD

Have the link to the VOD?

Description

Time

  • Played on: Feb. 27, 2020, 9:34 a.m.
  • Length: 15:09

All games in this series

Show
View Real Time Build Order
Export as new Build Order

soO Zerg 

Build Orders: Hatch First, Lurkers 

Get SALT Encoding   

  12  0:00  Drone  
  13  0:12  Overlord  
  13  0:16  Drone  
  14  0:30  Drone x2  
  16  0:47  Hatchery  
  15  0:50  Drone  
  15  0:55  Drone  
  17  0:57  Drone  
  18  1:08  Extractor  
  17  1:12  Spawning Pool  
  17  1:15  Drone  
  17  1:18  Drone  
  18  1:27  Drone  
  19  1:38  Drone  
  20  1:49  Overlord  
  20  1:59  Queen x2  
  24  2:02  Zergling x2, Drone  
  26  2:12  Drone x2  
  28  2:20  Drone  
  28  2:21  Drone  
  30  2:32  Overlord  
  30  2:33  Drone  
  30  2:35  Queen  
  30  2:36  Lair  
  33  2:43  Drone x2  
  35  2:53  Drone x2  
  37  3:00  Evolution Chamber  
  37  3:03  Roach Warren  
  37  3:04  Drone x2  
  37  3:08  Drone x4  
  37  3:11  Drone  
  37  3:12  Drone  
  43  3:19  Overlord  
  43  3:21  Drone  
  43  3:25  Extractor  
  43  3:26  Extractor, Zerg Missile Weapons Level 1  
  42  3:27  Drone  
  42  3:31  Drone  
  44  3:37  Overlord  
  44  3:43  Roach x2, Evolution Chamber  
  44  3:44  Roach  
  44  3:45  Roach  
  51  3:50  Overlord  
  51  3:56  Evolution Chamber  
  51  3:57  Roach x2  
  51  4:00  Evolution Chamber  
  51  4:01  Roach  
  53  4:06  Drone  
  53  4:07  Overlord  
  53  4:09  Drone  
  57  4:14  Drone  
  57  4:16  Glial Reconstitution, Drone  
  59  4:23  Queen  
  59  4:24  Drone  
  62  4:27  Drone  
  63  4:35  Roach  
  65  4:40  Roach  
  65  4:41  Hatchery  
  65  4:44  Overseer, Roach x2  
  65  4:45  Overseer  
  70  4:50  Overlord  
  70  4:53  Roach x2  
  70  4:59  Roach  
  76  5:04  Overlord  
  76  5:06  Overlord  
  76  5:10  Roach x2  
  76  5:11  Roach  
  82  5:14  Overlord  
  82  5:18  Roach  
  82  5:19  Overlord  
  84  5:23  Roach  
  84  5:24  Roach  
  84  5:27  Roach  
  90  5:32  Roach x2  
  94  5:37  Roach  
  94  5:40  Roach  
  94  5:41  Roach x2  
  102  5:45  Roach  
  104  5:51  Roach x3  
  104  5:52  Drone  
  104  5:54  Drone  
  104  5:55  Drone  
  113  6:02  Drone  
  110  6:04  Drone, Zerg Missile Weapons Level 2  
  110  6:06  Drone  
  110  6:09  Drone x2  
  110  6:10  Drone  
  103  6:12  Drone  
  103  6:14  Drone  
  103  6:15  Drone  
  103  6:17  Drone  
  97  6:21  Drone x2  
  97  6:22  Drone  
  97  6:24  Drone  
  97  6:25  Drone  
  100  6:28  Drone  
  100  6:29  Drone  
  102  6:37  Extractor x2, Overseer  
  100  6:40  Drone x4  
  100  6:41  Roach x2  
  100  6:45  Roach  
  110  6:51  Overlord  
  110  6:54  Drone  
  111  6:56  Zerg Ground Armor Level 1  
  111  6:59  Roach x3  
  117  7:05  Ravager  
  117  7:07  Roach x2  
  117  7:08  Hatchery  
  121  7:09  Overlord  
  121  7:13  Roach x3  
  127  7:17  Overlord  
  127  7:20  Roach  
  127  7:21  Overlord  
  129  7:23  Overlord  
  129  7:27  Overlord  
  129  7:29  Roach x4  
  137  7:33  Overlord  
  141  7:37  Roach x4  
  141  7:43  Roach x2  
  148  7:51  Roach x6  
  160  7:54  Roach x2  
  160  7:55  Roach  
  160  7:56  Ravager  
  160  7:57  Ravager x2  
  169  8:06  Roach x4  
  169  8:10  Overlord  
  177  8:14  Overlord  
  177  8:15  Ravager  
  177  8:16  Overlord  
  180  8:20  Roach x3  
  184  8:27  Overlord  
  182  8:37  Roach x8  
  194  8:45  Roach x3  
  194  8:46  Roach  
  199  8:51  Roach  
  196  8:58  Roach x2  
  196  9:00  Roach  
  192  9:03  Roach x4  
  192  9:05  Roach x2  
  192  9:08  Roach x3  
  194  9:10  Queen x2  
  194  9:12  Roach  
  194  9:16  Ravager  
  196  9:40  Roach  
  196  9:42  Roach  
  196  9:44  Roach x8  
  196  9:45  Roach  
  198  9:49  Roach  
  198  9:51  Roach  
  198  9:53  Roach  
  198  9:59  Roach  
  198  10:02  Roach x2  
  184  10:08  Roach x4  
  184  10:10  Queen  
  184  10:12  Queen  
  192  10:15  Roach x2  
  196  10:28  Roach  
  196  10:32  Roach  
  196  10:33  Roach  
  200  10:36  Overlord  
  200  10:44  Overlord  
  200  10:45  Overseer  
  198  10:54  Extractor  
  198  10:55  Roach  
  197  10:58  Roach x2  
  197  11:02  Roach  
  197  11:04  Roach  
  197  11:06  Roach x2  
  197  11:08  Roach  
  197  11:10  Roach x2  
  187  11:12  Roach x6  
  187  11:14  Roach  
  187  11:16  Roach  
  187  11:17  Roach  
  187  11:18  Roach x2  
  195  11:21  Roach x3  
  199  11:30  Roach  
  199  11:34  Ravager  
  199  11:36  Extractor  
  199  11:37  Hydralisk Den  
  196  11:42  Roach  
  196  11:43  Roach  
  196  11:48  Roach x2  
  188  12:06  Roach x4  
  188  12:07  Roach  
  184  12:11  Lurker Den, Grooved Spines  
  184  12:14  Roach x6  
  175  12:17  Roach x2  
  175  12:18  Roach  
  175  12:20  Roach x3  
  175  12:21  Roach x2  
  167  12:24  Roach  
  167  12:25  Roach x2  
  167  12:26  Roach  
  167  12:29  Roach x4  
  163  12:30  Roach  
  163  12:31  Roach x2  
  163  12:35  Roach x4  
  173  12:45  Drone  
  173  12:46  Drone x4  
  178  12:53  Roach x4  
  186  13:01  Overlord  
  186  13:02  Roach  
  188  13:07  Hydralisk x2  
  192  13:13  Overlord  
  192  13:20  Hydralisk x3  
  192  13:26  Overseer  
  192  13:27  Overseer  
  195  13:32  Hydralisk x3  
  196  13:37  Pneumatized Carapace  
  188  13:42  Drone x3  
  188  13:43  Lurker x2  
  188  13:47  Overseer  
  177  13:55  Lurker x3  
  178  13:58  Lurker  
  178  13:59  Lurker  
  173  14:03  Drone  
  173  14:06  Roach  
  173  14:07  Roach x4  
  175  14:21  Roach x2  
  175  14:22  Roach x2  
  175  14:23  Infestation Pit  
  173  14:25  Roach x4  
  173  14:26  Roach x2  
  173  14:28  Roach  
  173  14:29  Roach x3  
  162  14:31  Roach  
  162  14:33  Roach  
  162  14:34  Roach  
  162  14:36  Roach  
  141  14:38  Roach  
  141  14:41  Roach, Ravager  
  141  14:44  Roach  
  127  14:47  Roach  
  127  14:49  Ravager  
Show
View Real Time Build Order
Export as new Build Order

Armani Zerg - Winner!

Build Orders: Hatch First 

Get SALT Encoding   

  12  0:00  Drone  
  13  0:13  Overlord  
  13  0:18  Drone  
  14  0:31  Drone x2  
  16  0:49  Hatchery  
  15  0:52  Drone  
  15  0:55  Drone  
  17  0:59  Drone  
  18  1:08  Extractor  
  17  1:14  Spawning Pool  
  17  1:18  Drone  
  17  1:21  Drone  
  18  1:29  Drone  
  19  1:39  Drone  
  20  1:49  Overlord  
  20  2:01  Queen x2  
  20  2:03  Drone x2  
  26  2:11  Metabolic Boost  
  26  2:15  Drone x2  
  28  2:23  Drone  
  28  2:25  Drone  
  30  2:33  Hatchery  
  30  2:37  Drone  
  30  2:41  Drone  
  31  2:47  Drone  
  32  2:51  Overlord  
  32  2:57  Zergling x4  
  34  3:10  Evolution Chamber  
  34  3:11  Zergling x14  
  34  3:12  Zergling x2  
  41  3:20  Overlord  
  41  3:22  Drone  
  42  3:35  Drone  
  42  3:36  Drone  
  44  3:41  Drone  
  44  3:42  Drone x5  
  44  3:44  Zerg Missile Weapons Level 1  
  44  3:45  Overlord  
  50  3:50  Queen  
  50  3:54  Drone  
  52  3:56  Drone x2  
  52  3:58  Drone  
  52  4:00  Drone  
  53  4:11  Roach Warren  
  53  4:13  Lair  
  53  4:14  Drone x3  
  55  4:18  Drone x2  
  55  4:20  Drone  
  55  4:22  Drone x2  
  60  4:27  Extractor  
  60  4:28  Extractor  
  60  4:30  Overlord  
  58  4:32  Drone  
  58  4:35  Drone x2  
  58  4:36  Drone x2  
  58  4:38  Drone  
  64  4:39  Drone  
  65  4:49  Extractor, Overlord  
  65  4:50  Drone x6  
  65  4:51  Drone  
  71  5:00  Roach  
  71  5:01  Overlord  
  71  5:03  Overlord  
  73  5:08  Roach x4  
  73  5:11  Spine Crawler  
  73  5:12  Glial Reconstitution  
  78  5:15  Overseer, Roach  
  78  5:21  Roach x3  
  86  5:22  Overlord  
  86  5:24  Overlord  
  86  5:27  Overlord  
  86  5:32  Roach x2  
  86  5:33  Roach  
  92  5:36  Roach x2  
  92  5:38  Roach  
  95  5:43  Roach  
  95  5:46  Roach  
  98  5:50  Roach  
  98  5:54  Roach  
  102  5:58  Roach x2  
  102  5:59  Overlord  
  106  6:04  Roach x2  
  106  6:06  Roach  
  106  6:07  Zergling x6  
  99  6:13  Queen  
  99  6:15  Roach x2  
  97  6:19  Roach  
  97  6:23  Roach x4  
  107  6:26  Overseer  
  107  6:28  Roach  
  107  6:29  Drone x4  
  107  6:30  Extractor, Drone x3  
  115  6:34  Zerg Missile Weapons Level 2  
  115  6:36  Roach  
  117  6:43  Ravager  
  117  6:45  Drone x3  
  121  6:48  Extractor  
  121  6:50  Drone  
  121  6:55  Hatchery  
  121  6:57  Roach  
  121  6:58  Overlord  
  121  6:59  Overlord  
  120  7:03  Overlord x2  
  120  7:07  Drone, Evolution Chamber  
  120  7:08  Overlord  
  120  7:14  Overseer  
  120  7:19  Roach x6  
  120  7:20  Ravager x2  
  120  7:21  Ravager  
  135  7:25  Roach x2  
  135  7:28  Roach x6  
  151  7:38  Roach x5  
  159  7:47  Zerg Ground Armor Level 1  
  159  7:50  Overlord x3  
  159  7:54  Roach  
  159  7:55  Overlord  
  161  7:59  Pneumatized Carapace  
  161  8:00  Overlord  
  161  8:03  Overlord  
  161  8:10  Roach x7  
  175  8:14  Ravager x2  
  175  8:15  Roach  
  175  8:16  Roach  
  181  8:22  Roach x2  
  181  8:23  Overlord  
  181  8:24  Ravager  
  186  8:31  Roach x5  
  186  8:33  Overlord  
  186  8:34  Overlord  
  196  8:35  Overlord  
  196  8:39  Overlord  
  194  8:44  Roach x2, Infestation Pit  
  193  8:50  Roach x3  
  193  8:51  Roach  
  197  8:59  Roach x4  
  196  9:08  Tunneling Claws  
  196  9:09  Roach  
  192  9:10  Roach x3  
  192  9:14  Roach x3  
  198  9:20  Overlord  
  198  9:23  Ravager  
  198  9:24  Roach  
  199  9:25  Ravager  
  196  9:41  Roach x2  
  180  9:53  Roach x10  
  184  10:01  Roach x7  
  184  10:10  Ravager  
  184  10:12  Roach x4  
  188  10:14  Ravager  
  188  10:15  Drone  
  188  10:16  Hive  
  188  10:18  Roach  
  192  10:29  Hatchery, Burrow  
  192  10:33  Roach x6  
  197  10:44  Overlord  
  195  10:52  Roach x2  
  199  10:58  Hydralisk Den  
  199  11:00  Roach x3  
  188  11:16  Roach x12  
  182  11:28  Roach x5  
  182  11:30  Hatchery  
  187  11:35  Zerg Missile Weapons Level 3  
  187  11:37  Ravager, Roach x17  
  187  11:39  Ravager  
  189  11:45  Ravager  
  186  11:58  Roach x9  
  179  12:10  Roach  
  179  12:11  Roach x4  
  162  12:22  Roach  
  162  12:23  Roach x4  
  145  12:38  Roach  
  145  12:39  Roach x6  
  159  12:46  Drone  
  159  12:47  Overseer  
  160  12:52  Roach  
  160  12:53  Roach x3  
  165  12:58  Ravager  
  165  12:59  Ravager  
  165  13:03  Roach x5  
  165  13:04  Roach x2  
  165  13:05  Roach x5  
  177  13:10  Overseer  
  177  13:11  Roach x3  
  183  13:19  Roach x4  
  191  13:26  Roach  
  191  13:27  Roach x2  
  197  13:29  Drone x15  
  197  13:32  Roach x2  
  197  13:33  Roach  
  197  13:34  Roach x3  
  196  13:37  Roach  
  196  13:39  Roach x4  
  199  13:45  Lurker Den  
  198  13:53  Roach x4  
  198  14:01  Roach x4  
  196  14:15  Roach  
  196  14:16  Roach x2  
  188  14:31  Roach x14  
  182  14:32  Roach x13  
  167  14:38  Roach x2  
  167  14:41  Roach  
  163  14:46  Roach x3  
  163  14:47  Roach Warren  

Tags
 
Add a new tag
Caveats
  • Supply blocks, unpowered buildings, or Contaminate may cause inaccurate times.
  • Supply counts are checked every 10 seconds.